 Dungeon Crawl Stone Soup version 0.24-a0-201-gf205589 (console) character file.

Game seed: 14473530956264509206

109 Voker57 the Slasher (level 4, -1/34 HPs)
             Began as a Demonspawn Gladiator on Mar 22, 2019.
             Slain by Sigmund
             ... wielding a +0 scythe
              (7 damage)
             ... on level 2 of the Dungeon.
             The game lasted 00:02:56 (2090 turns).

Voker57 the Slasher (Demonspawn Gladiator)          Turns: 2090, Time: 00:02:58

Health: -1/34      AC:  6    Str: 14    XL:     4   Next: 59%
Magic:  4/4        EV: 19    Int:  9    God:
Gold:   70         SH:  0    Dex: 21    Spells: 3/3 levels left

rFire    . . .     SeeInvis .   a - +0 long sword
rCold    . . .     Gourm    .   (no shield)
rNeg     . . .     Faith    .   b - +0 leather armour
rPois    .         Spirit   .   c - +0 helmet
rElec    .         Reflect  .   (no cloak)
rCorr    .         Harm     .   (no gloves)
MR       .....                  (no boots)
Stlth    +++.......             (no amulet)
HPRegen  0.11/turn              (no ring)
MPRegen  0.09/turn              (no ring)

@: agile, flying
A: slimy green scales 1, rot immunity
a: no special abilities


You were on level 2 of the Dungeon.
You were not hungry.

You visited 1 branch of the dungeon, and saw 2 of its levels.

You collected 70 gold pieces.

Inventory:

Hand Weapons
 a - a +0 long sword (weapon)
Armour
 b - a +0 leather armour (worn)
 c - a +0 helmet (worn)
Jewellery
 m - a +5 ring of evasion {unknown}
Scrolls
 e - 2 scrolls of identify {unknown}
 g - 2 scrolls of fog {unknown}
 h - 2 scrolls of noise {unknown}
 k - a scroll of remove curse {unknown}
 q - a scroll of teleportation {unknown}
Potions
 i - a potion of heal wounds {unknown}
 j - a potion of agility
 l - a potion of berserk rage {unknown}
 n - a potion of flight
 o - a potion of curing {unknown}
 p - a potion of mutation {unknown}
Comestibles
 f - 2 rations


   Skills:
 + Level 2.3 Fighting
 + Level 3.6 Long Blades
 + Level 2.2 Throwing
 + Level 0.9 Armour
 + Level 3.5 Dodging
 + Level 0.6 Stealth


You had 3 spell levels left.
You didn't know any spells.
Your spell library was empty.

Dungeon Overview and Level Annotations

Branches:
Dungeon (2/15)

Altars:

Annotations:
D:2 Sigmund


Innate Abilities, Weirdness & Mutations

You are partially covered in slimy green scales. (AC +2)
You are immune to rotting.


Message History

The adder is heavily wounded.
The adder closely misses you.
You hit the adder.
You kill the adder!
Something hits you.
You barely miss the goblin. The goblin hits you but does no damage.
The goblin closely misses you.
You hit the goblin but do no damage. Something hits you.
The goblin completely misses you.
You slash the goblin!
You kill the goblin!
A magic dart appears from out of thin air!
The magic dart hits you.
* * * LOW HITPOINT WARNING * * *
The kobold throws a stone.
The stone hits you but does no damage.
It was a potion of agility.
You feel agile all of a sudden. Something barely misses you.
It was a potion of flight.
You feel very buoyant.
You fly up into the air.
The kobold completely misses you. Something hits you!
You die...

.........###.# ##........######.
........>..#.# #(.......#####..
.........#...#####...............
.........###....####..#...####...
.........###.#.......<......##.##
.........##..#.<####.##.###....##
........#.......# #...#...#.....#
.#.>...##.†.###.###.#.###...###..
##.#.###..)## .....#.# ###..###.
#...# #.#.# ####..#.####.....#.
.....#....# #.@K...............
#.........## ####(###..##.###.##
..##.# #(.###.#..# #.# .... #.
#g.# #.#)## #.# ... #.
#....##...# #.## .. #.
#.....##..# #..# .......##.##
##.. .........#.# ###
...........#.# # ..........<... #
.........#....


You could see a kobold.

Vanquished Creatures
  Jessica (D:2)
  Terence (D:2)
  A gnoll (D:1)
  2 adders (D:2)
  3 worms (D:2)
  A leopard gecko (D:1)
  A ball python (D:1)
  2 bats (D:1)
  A giant cockroach (D:2)
  3 goblins
  A hobgoblin (D:1)
  2 jackals (D:1)
  A quokka (D:2)
  A frilled lizard (D:2)
  A kobold (D:1)
  2 rats (D:2)
24 creatures vanquished.

Notes
Turn   | Place    | Note
-------+----------+-------------------------------------------
     0 | D:1      | Voker57 the Demonspawn Gladiator began the quest for the
                  | Orb.
     0 | D:1      | Reached XP level 1. HP: 16/16 MP: 1/1
   139 | D:1      | Gained mutation: You are immune to rotting. [demonic
                  | ancestry]
   139 | D:1      | Reached XP level 2. HP: 12/22 MP: 2/2
  1163 | D:2      | Noticed Terence
  1173 | D:2      | Killed Terence
  1173 | D:2      | Reached XP level 3. HP: 23/27 MP: 3/3
  1847 | D:2      | Gained mutation: You are partially covered in slimy green
                  | scales. (AC +2) [demonic ancestry]
  1847 | D:2      | Reached XP level 4. HP: 16/33 MP: 4/4
  2047 | D:2      | Noticed Jessica
  2051 | D:2      | Killed Jessica
  2064 | D:2      | Noticed Sigmund
  2090 | D:2      | Slain by Sigmund

Levels and vault maps discovered:
D:1:      scummos_arrival_star, layout_basic
D:2:      layout_rooms, uniq_sigmund, uniq_jessica, uniq_terence

Skill      XL: |  1  2 |
---------------+-------+-----
Dodging        | 3 |  3.5
Long Blades    | 3 |  3.6
Throwing       | 2 |  2.2
Fighting       | |  2.3
Armour         | |  0.9
Stealth        | |  0.6

Action                   |  1- 3 |  4- 6 || total
-------------------------+-------+-------++-------
Melee: Long sword        |    81 |    14 ||    95
Throw: Throwing net      |     5 |     2 ||     7
  Use: Potion            |       |     2 ||     2
 Stab: Held in net/web   |     4 |       ||     4
  Eat: Chunk             |     2 |     2 ||     4
Armor: Leather armour    |    28 |     4 ||    32
Dodge: Dodged            |    62 |    14 ||    76
       Rpst.: Long sword |    18 |     1 ||    19

Table legend:
 A = Non-vault XP
 B = Vault XP
 C = Vault XP percentage of total XP
 D = Non-vault monster count
 E = Vault monster count
 F = Vault count percentage of total count
                 A         B        C        D         E       F
            +---------+---------+-------+---------+---------+-------
      Total |      83 |      73 |  46.8 |      22 |       2 |   8.3
            +---------+---------+-------+---------+---------+-------
        D:1 |      33 |       0 |   0.0 |      11 |       0 |   0.0
        D:2 |      50 |      73 |  59.3 |      11 |       2 |  15.4
            +---------+---------+-------+---------+---------+-------
